 Dungeon Crawl Stone Soup version 0.30-a0-691-g754fce4c43 (webtiles) character file.

Game seed: 17901697219150148836

1452 hikkokomori the Digger (level 8, -8/48 HPs)
             Began as a Gargoyle Earth Elementalist on Jan 20, 2023.
             Killed from afar by Maggie (9 damage)
             ... with a bolt of fire
             ... on level 6 of the Dungeon.
             The game lasted 00:15:35 (5713 turns).

hikkokomori the Digger (GrEE)                       Turns: 5713, Time: 00:15:36

Health: -8/48      AC: 12    Str: 11    XL:     8   Next: 75%
Magic:  6/15       EV: 12    Int: 19    God:
Gold:   166        SH:  0    Dex: 10    Spells: 12/17 levels left

rFire   . . .      SeeInvis .    D - +0 falchion (flame)
rCold   . . .      Faith    .    (no shield)
rNeg    + . .      Spirit   .    a - +0 robe
rPois   ∞          Reflect  .    p - +2 helmet
rElec   +          Harm     .    t - +0 cloak
rCorr   .          Rampage  .    z - +0 pair of gloves
Will    .....                    (no boots)
Stlth   ++                       (no amulet)
HPRegen 0.28/turn                c - ring of wizardry
MPRegen 0.14/turn                w - ring of flight

@: flying, mesmerised
A: sickness immunity, AC +5, negative energy resistance 1, electricity
resistance, torment resistance 1, petrification resistance
a: no special abilities


You were on level 6 of the Dungeon.
You visited 2 branches of the dungeon, and saw 7 of its levels.
You also visited: Sewer.

You collected 166 gold pieces.

Inventory:

Hand Weapons
 m - a +0 rapier
 o - a +0 dagger
 v - a +0 arbalest
 A - a +2 hand axe of flaming
 D - a +0 falchion of flaming (weapon)
Missiles
 r - a throwing net
Armour
 a - a +0 robe (worn)
 p - a +2 helmet (worn)
 t - a +0 cloak (worn)
 z - a +0 pair of gloves (worn)
 B - a +2 leather armour of positive energy
Jewellery
 c - a ring of wizardry (left hand)
 w - a ring of flight (right hand)
Wands
 s - a wand of polymorph (2)
 C - a wand of quicksilver (6)
Scrolls
 f - 3 scrolls of identify
 g - a scroll of fear {unknown}
 h - 5 scrolls of teleportation
 j - 2 scrolls of enchant armour
 l - a scroll of amnesia
 u - a scroll of acquirement {unknown}
 x - a scroll of noise {unknown}
 y - a scroll of brand weapon {unknown}
Potions
 b - a potion of magic
 d - a potion of flight
 e - 3 potions of might
 i - a potion of cancellation {unknown}
 k - a potion of lignification
 n - 7 potions of mutation
 q - 3 potions of brilliance
 E - a potion of curing {unknown}


   Skills:
 + Level 4.8 Fighting
 - Level 2.3 Dodging
 - Level 3.4 Stealth
 + Level 5.0 Spellcasting
 - Level 1.8 Transmutations
 + Level 7.1 Earth Magic
 + Level 4.3 Poison Magic


You had 12 spell levels left.
You knew the following spells:

 Your Spells              Type           Power      Damage    Failure   Level
a - Sandblast             Erth           64%        2d14      1%          1
b - Olgreb's Toxic Radia  Pois           21%        N/A       9%          4

Your spell library contained the following spells:

 Spells                   Type           Power      Damage    Failure   Level
 Sting                    Tmut/Pois      64%        1d6       1%          1
 Passwall                 Tmut/Erth      17%        N/A       1%          2
 Poisonous Vapours        Pois/Air       26%        N/A       3%          2
 Stone Arrow              Conj/Erth      36%        3d9       3%          3
 Petrify                  Tmut/Erth      21%        N/A       8%          4


Dungeon Overview and Level Annotations

Branches:
Dungeon (6/15)             Temple (1/1) D:4           Sewer (visited)

Altars:
Ashenzari
Cheibriados
Dithmenos
Fedhas
Okawaru
Qazlal
Ru
Trog
Uskayaw
Wu Jian
Xom
Yredelemnul

Shops:
D:3 !   D:5 *

Annotations:
D:6 Maggie


Innate Abilities, Weirdness & Mutations

You are immune to sickness and miasma.
Your stone body is resilient. (AC +5)
You are immune to poison.
You resist negative energy. (rN+)
You are resistant to electric shocks. (rElec)
You are resistant to unholy torment.
You are immune to petrification.


Message History

Maggie burns you.
Unknown command.
Casting: Sandblast (safe; 1% risk of failure)
Confirm with . or Enter, or press ? or * to list all spells.
Aiming: Sandblast (safe; 1% risk of failure)
Press: ? - help, Shift-Dir - straight line, f/p - Maggie
Aim: Maggie, wielding a +2 long sword of flaming and wearing +0 steam dragon scales (moderately wounded, mesmerising, very poisoned, 84% to hit)
The blast of sand hits Maggie!
Maggie is heavily wounded.
Maggie hits you with a +2 long sword of flaming!
Maggie burns you.
* * * LOW HITPOINT WARNING * * *
Maggie hits you with a +2 long sword of flaming.
* * * LOW HITPOINT WARNING * * *
Maggie burns you.
* * * LOW HITPOINT WARNING * * *
Unknown command.
Okay, then.
Casting: Sandblast (safe; 1% risk of failure)
Confirm with . or Enter, or press ? or * to list all spells.
Aiming: Sandblast (safe; 1% risk of failure)
Press: ? - help, Shift-Dir - straight line, f/p - Maggie
Aim: Maggie, wielding a +2 long sword of flaming and wearing +0 steam dragon scales (heavily wounded, mesmerising, very poisoned, 84% to hit)
The blast of sand hits Maggie!
Maggie is almost dead.
Maggie hits you with a +2 long sword of flaming!
* * * LOW HITPOINT WARNING * * *
Maggie burns you.
* * * LOW HITPOINT WARNING * * *
Unknown command.
Casting: Sandblast (safe; 1% risk of failure)
Confirm with . or Enter, or press ? or * to list all spells.
Aiming: Sandblast (safe; 1% risk of failure)
Press: ? - help, Shift-Dir - straight line, f/p - Maggie
Aim: Maggie, wielding a +2 long sword of flaming and wearing +0 steam dragon scales (almost dead, mesmerising, poisoned, 84% to hit)
The blast of sand hits Maggie.
Maggie is almost dead.
Maggie casts a spell at you. The bolt of fire hits you!
You die...

#.# #.# #.#
#########.#
#.........#
#.#########
#.# #.# #@#
#@# #.# ...
#.# ... ###


You could see Maggie (mesmerising, poisoned).

Vanquished Creatures
  Prince Ribbit (D:5)
  An ogre (D:4)
  4 kobold brigands (Sewer)
  A necrophage (D:3)
  4 scorpions
  3 hounds (D:5)
  Crazy Yiuf (D:3)
  A jelly (D:4)
  Jessica (D:2)
  2 iguanas
  Natasha (thrice) (D:4)
  An orc wizard (D:5)
  Robin (D:3)
  7 gnolls
  7 adders
  A river rat (D:4)
  A white imp (D:5)
  A dart slug (D:1)
  11 orcs
  7 endoplasms
  5 giant cockroaches
  17 goblins
  14 hobgoblins
  5 jackals
  18 kobolds
  5 quokkas
  7 ball pythons
  8 bats
  4 frilled lizards
  9 rats
151 creatures vanquished.

Vanquished Creatures (others)
  2 plants (Sewer)
2 creatures vanquished.

Grand Total: 153 creatures vanquished

Notes
Turn   | Place    | Note
-------+----------+-------------------------------------------
     0 | D:1      | hikkokomori the Gargoyle Earth Elementalist began the quest
                  | for the Orb.
     0 | D:1      | Reached XP level 1. HP: 10/10 MP: 3/3
   200 | D:1      | You fall into a shaft and drop 1 floor!
   224 | D:2      | Found an ornate altar of the Wu Jian Council.
   234 | D:2      | Found a faded altar of an unknown god.
   239 | D:2      | Reached skill level 1 in Transmutations
   239 | D:2      | Reached XP level 2. HP: 15/15 MP: 1/5
   435 | D:1      | Reached XP level 3. HP: 19/19 MP: 3/6
   548 | D:1      | Reached skill level 4 in Earth Magic
   908 | D:2      | Noticed Jessica
   913 | D:2      | Killed Jessica
   914 | D:2      | Reached XP level 4. HP: 15/24 MP: 2/7
  1089 | D:2      | HP: 1/24 [gnoll/+0 flail (5)]
  1842 | D:3      | Noticed Robin
  1843 | D:3      | Reached XP level 5. HP: 22/28 MP: 6/8
  1898 | D:3      | Killed Robin
  2033 | D:3      | Learned a level 4 spell: Olgreb's Toxic Radiance
  2036 | D:3      | Found Wiaf Ufa's Distillery.
  2111 | D:3      | Reached skill level 1 in Fighting
  2111 | D:3      | Reached XP level 6. HP: 28/34 MP: 3/10
  2219 | D:3      | Reached skill level 1 in Poison Magic
  2289 | D:3      | Found a bloodstained altar of Trog.
  2304 | D:3      | Found a shadowy altar of Dithmenos.
  2664 | D:3      | Found a runed translucent door.
  2665 | D:3      | Noticed Crazy Yiuf
  2774 | D:3      | Found Ficwe's General Store.
  2853 | D:3      | Paralysed by Crazy Yiuf for 4 turns
  2858 | D:3      | Killed Crazy Yiuf
  2859 | D:3      | Reached skill level 5 in Earth Magic
  3136 | D:4      | Noticed Natasha
  3141 | D:4      | Killed Natasha
  3262 | D:4      | Reached XP level 7. HP: 20/40 MP: 5/12
  3507 | D:4      | Found a staircase to the Ecumenical Temple.
  3523 | D:4      | Noticed Natasha
  3538 | D:4      | Found a glowing drain.
  3551 | Sewer    | Entered a sewer
  3873 | Sewer    | Reached skill level 6 in Earth Magic
  4018 | Sewer    | Reached XP level 8. HP: 42/46 MP: 9/14
  4168 | D:4      | Killed Natasha
  4226 | D:4      | Noticed Natasha
  4233 | Temple   | Entered the Ecumenical Temple
  4484 | D:5      | Entered Level 5 of the Dungeon
  4501 | D:4      | Killed Natasha
  5036 | D:5      | Noticed Prince Ribbit
  5041 | D:5      | Killed Prince Ribbit
  5112 | D:5      | Reached skill level 7 in Earth Magic
  5189 | D:5      | Found Caniqore's Assorted Antiques.
  5343 | D:5      | Reached skill level 5 in Spellcasting
  5703 | D:6      | Noticed Maggie
  5712 | D:6      | HP: 2/48 [Maggie/+2 long sword of flaming (7)]
  5713 | D:6      | Killed from afar by Maggie

Illustrated notes

Levels and vault maps discovered:
D:1:      psy_arrival_radial01, layout_rooms
D:2:      layout_rooms, basic_altar, basic_ecumenical_altar,
          kennysheep_cross_room, uniq_jessica
D:3:      corexii_shack_village, layout_loops_ring,
          nicolae_dithmenos_through_a_glass_darkly, lemuel_round_altar,
          serial_shops, shop, nicolae_shop_stone, uniq_crazy_yiuf_cottage,
          uniq_robin
D:4:      layout_basic, minmay_temple_entry_waves, portal_sewer_entry_b,
          glass_columns_a, sigmund_army, uniq_natasha
D:5:      layout_gridville, serial_shops, nicolae_stop_n_shop_2,
          uniq_prince_ribbit1
D:6:      layout_basic, makhleb_blood_cavern_becter, led_sif_book, uniq_maggie
Temple:   eino_temple_lava

Skill      XL: |  1  2  3  4  5  6  7  8 |
---------------+-------------------------+-----
Transmutations | 1 |  1.8
Earth Magic    | 4 5 6 7 |  7.1
Dodging        | 2 |  2.3
Stealth        | 3 |  3.4
Fighting       | 1 2 3 4 |  4.8
Spellcasting   | 3 4 5 |  5.0
Poison Magic   | 2 3 4 |  4.3

Action                   |  1- 3 |  4- 6 |  7- 9 || total
-------------------------+-------+-------+-------++-------
Melee: Unarmed           |    11 |    14 |     2 ||    27
       Dagger            |       |    39 |       ||    39
       Rapier            |       |    31 |     3 ||    34
 Cast: Sandblast         |    33 |    95 |   125 ||   253
       Olgreb's Toxic Ra |       |       |     1 ||     1
  Use: Scroll            |       |     9 |     2 ||    11
       Potion            |       |     1 |       ||     1
 Stab: Distracted        |       |     1 |       ||     1
Armor: Robe              |     7 |    74 |    36 ||   117
       Skin              |       |       |     6 ||     6
Dodge: Dodged            |    23 |   104 |    86 ||   213

Table legend: (Time is in decaauts)
 A = Elapsed time spent in this place.
 B = Non-inter-level travel time spent in this place.
 C = Inter-level travel time spent in this place.
 D = Time resting spent in this place.
 E = Time spent auto-exploring this place.
 F = Levels seen in this place.
 G = Mean time per level.
                   A        B        C        D        E       F      G
               +--------+--------+--------+--------+--------+-----+--------+
         Total |   5878 |   5571 |    307 |    647 |   3616 |   8 |  734.8 |
       Dungeon |   5150 |   4849 |    301 |    497 |   3231 |   6 |  858.3 |
        Temple |     75 |     69 |      6 |      0 |     66 |   1 |   75.0 |
         Sewer |    652 |    652 |      0 |    150 |    319 |   1 |  652.0 |
               +--------+--------+--------+--------+--------+-----+--------+

Top non-repeatable levels by time:
     D:3: 1324 daAuts
     D:1: 1126 daAuts
     D:4: 1101 daAuts
     D:5: 837 daAuts
     D:2: 716 daAuts
   Sewer: 652 daAuts
  Temple: 75 daAuts
     D:6: 45 daAuts
